Map: Eternal Empire LE

Players

antagomiR

  • Race: Protoss Protoss
  • League: Silver
  • Spawn Location: 7:00

Puduan - Winner!

  • Race: Zerg Zerg
  • League: Gold
  • Spawn Location: 1:00

VOD

Have the link to the VOD?

Description

Time

  • Played on: March 30, 2020, 11:27 p.m.
  • Length: 4:44
Show
View Real Time Build Order
Export as new Build Order

antagomiR Protoss 

Build Orders:  

Get SALT Encoding   

  12  0:01  Probe  
  13  0:13  Probe  
  14  0:25  Probe  
  15  0:40  Pylon  
  15  0:58  Probe (Chrono Boost)  
  16  1:04  Assimilator  
  16  1:05  Probe  
  17  1:20  Gateway  
  17  1:21  Probe  
  18  1:29  Assimilator  
  18  1:33  Probe, Assimilator  
  19  1:45  Probe  
  20  1:57  Probe  
  20  2:22  Cybernetics Core  
  20  2:32  Pylon  
  20  2:48  Probe  
  23  2:54  Forge, Zealot (Chrono Boost)  
  23  2:55  Warp Gate (Chrono Boost), Pylon  
  23  3:11  Pylon  
  23  3:13  Probe  
  24  3:25  Probe  
  24  3:26  Zealot (Chrono Boost)  
  27  3:35  Pylon  
  27  3:38  Probe  
  28  3:53  Gateway  
  24  4:10  Gateway  
  24  4:17  Probe  
  25  4:25  Pylon  
  25  4:29  Probe  
Show
View Real Time Build Order
Export as new Build Order

Puduan Zerg - Winner!

Build Orders: Pool First 

Get SALT Encoding   

  12  0:01  Drone  
  13  0:08  Drone  
  14  0:18  Extractor, Drone  
  14  0:24  Extractor, Drone  
  15  0:29  Overlord  
  15  0:46  Spawning Pool  
  15  0:49  Drone  
  15  0:52  Drone  
  15  0:56  Drone  
  17  1:10  Drone  
  18  1:17  Evolution Chamber  
  17  1:18  Drone  
  18  1:28  Overlord  
  18  1:33  Queen  
  21  1:40  Zergling x2  
  21  1:47  Extractor  
  21  1:50  Zerg Melee Weapons Level 1  
  21  1:52  Zergling x2  
  21  2:01  Drone  
  22  2:12  Zergling x2  
  23  2:32  Zergling x4, Hatchery  
  24  2:43  Zergling x2  
  25  2:48  Zergling x4  
  25  2:49  Zergling x2  
  25  2:51  Metabolic Boost  
  28  2:57  Lair  
  28  3:01  Zergling x2  
  29  3:14  Zergling x2  
  25  4:04  Zergling x6  
  28  4:15  Drone x3  
Tags
 
Matchup
PvZ
Opening
Pool First
Replay Pack
20200422
Spawn Locations
Cross Positions
Add a new tag
Caveats
  • Supply blocks, unpowered buildings, or Contaminate may cause inaccurate times.
  • Supply counts are checked every 10 seconds.